 Dungeon Crawl Stone Soup version 0.31-a0-200-gbc41564c69 (webtiles) character file.

Game seed: 3434710823586246768

30 qw the Shooter (level 3, -1/20 HPs)
             Began as a Deep Elf Hunter on June 25, 2023.
             Slain by a goblin
             ... wielding a +0 dagger
             ... led by Robin
              (3 damage)
             ... on level 2 of the Dungeon.
             The game lasted 00:00:12 (609 turns).

qw the Shooter (Deep Elf Hunter)                     Turns: 609, Time: 00:00:13

Health: -1/20      AC:  5    Str: 10    XL:     3   Next: 5%
Magic:  5/5        EV: 11    Int: 13    God:
Gold:   18         SH:  0    Dex: 18    Spells: 2/2 levels left

rFire   . . .        Y - +0 shortbow
rCold   . . .        (shield currently unavailable)
rNeg    . . .        d - +0 ring mail
rPois   .            (no helmet)
rElec   .            (no cloak)
rCorr   .            (no gloves)
SInv    .            (no boots)
Will    .....        (no amulet)
Stlth   +            (no ring)
HPRegen 0.23/turn    (no ring)
MPRegen 0.09/turn

%: no passive effects
@: no status effects
A: no striking features
a: no special abilities


You were on level 2 of the Dungeon.
You visited 1 branch of the dungeon, and saw 2 of its levels.

You collected 18 gold pieces.


   Skills:
 - Level 1.5 Fighting
 + Level 6.6 Ranged Weapons
 - Level 2.4 Dodging
 - Level 1.2 Stealth


You had 2 spell levels left.
You didn't know any spells.
Your spell library was empty.

Inventory:

Hand Weapons
 Y - a +0 shortbow (weapon)
Armour
 d - a +0 ring mail (worn)
Potions
 e - a potion of brilliance {unknown}

Dungeon Overview and Level Annotations

Branches:
Dungeon (2/15)

Altars:

Annotations:
D:2 Robin


Message History

You kill the goblin!
You hear a shout!
A worm comes into view.
You shoot an arrow.
The hobgoblin shouts! x2; The goblin shouts!
The arrow hits the hobgoblin.
The hobgoblin is lightly wounded.
You shoot an arrow.
Robin shouts!
The arrow hits the hobgoblin.
You kill the hobgoblin!
Robin throws the goblin at you!
You have reached level 3!
Your experience leads to an increase in your attributes!
Increase (S)trength, (I)ntelligence, or (D)exterity?
You feel stronger. x2
You shoot an arrow. The arrow hits the goblin.
You kill the goblin!
Robin roars a battlecry!
The goblins go into a battle-frenzy!
You shoot an arrow.
The arrow hits the hobgoblin but does no damage.
Robin throws the goblin at you! The goblin hits you with a +0 club.
You shoot an arrow.
The arrow closely misses the hobgoblin. x2
The arrow hits the worm.
The worm is lightly wounded.
A ball python comes into view.
The hobgoblin closely misses you.
Robin drinks a potion.
Robin seems to speed up.
The goblin hits you with a +0 club.
You shoot an arrow. The arrow hits the hobgoblin.
The hobgoblin is severely wounded.
The hobgoblin hits you.
The hobgoblin hits you but does no damage.
The goblin hits you but does no damage.
You shoot an arrow. The arrow hits the hobgoblin.
You kill the hobgoblin!
The hobgoblin hits you but does no damage.
The hobgoblin closely misses you. The goblin hits you with a +0 club.
The goblin hits you with a +0 dagger.
You die...

... .. .. . #. #.#
#.## #. .. ...##.
##.#####
#..#S##......##
#............#
###.g.........
#.?g@g........
#.##gg........ #.
#ggg....... ..
...g.w.....
#.#.%$.......# .
#.##..........
..####.##....)....
.................
....g..........


You could see a worm, Robin (fast), 5 hobgoblins, 3 goblins and a ball python.

Vanquished Creatures
  A gnoll (D:1)
  2 bats (D:1)
  4 endoplasms (D:1)
  2 giant cockroaches
  2 goblins (D:2)
  2 hobgoblins (D:2)
  A kobold (D:1)
  2 ball pythons (D:1)
  3 rats (D:1)
19 creatures vanquished.

Notes
Turn   | Place    | Note
-------+----------+-------------------------------------------
     0 | D:1      | qw the Deep Elf Hunter began the quest for the Orb.
     0 | D:1      | Reached XP level 1. HP: 12/12 MP: 3/3
     0 | D:1      | 0 ||| qw: Version: 0.3-a-22-g0ed2b0b
     0 | D:1      | 0 ||| qw: Game counter: 5547
     0 | D:1      | 0 ||| qw: Melee chars always use a shield: true
     0 | D:1      | 0 ||| qw: God list: Okawaru
     0 | D:1      | 0 ||| qw: Allow faded altars: false
     0 | D:1      | 0 ||| qw: Do Orc after clearing Dungeon:15 true
     0 | D:1      | 0 ||| qw: Do second Lair branch before Depths: true
     0 | D:1      | 0 ||| qw: Lair rune preference: random
     0 | D:1      | 0 ||| qw: Goals: Normal
     0 | D:1      | 0 ||| PLANNING D:1-11
   193 | D:1      | Found a faded altar of an unknown god.
   226 | D:1      | Reached XP level 2. HP: 16/16 MP: 4/4
   400 | D:1      | Reached skill level 6 in Ranged Weapons
   544 | D:1      | 544 ||| UPGRADING to +0 ring mail.
   554 | D:1      | 554 ||| DROPPING +0 leather armour.
   555 | D:1      | 555 ||| READING scroll labelled CIGROAMIGE.
   556 | D:1      | 556 ||| READING scroll labelled LAEDGH JUNAKK.
   557 | D:1      | 557 ||| DROPPING scroll of butterflies.
   595 | D:2      | Noticed Robin
   605 | D:2      | Reached XP level 3. HP: 20/20 MP: 5/5
   609 | D:2      | HP: 2/20 [goblin/+0 club[Robin] (5)]
   609 | D:2      | Slain by a goblin

Levels and vault maps discovered:
D:1:      minmay_arrival_three_doors, layout_basic,
          chequers_ecumenical_altar_twisty, nrook_uturn
D:2:      minmay_diamond_boxcup, layout_rooms, minmay_misc_feat_secret_circle,
          wander_ebering_terrifying_dragon_lair, uniq_robin

Skill      XL: |  1  2 |
---------------+-------+-----
Ranged Weapons | 6 |  6.6
Fighting       | |  1.5
Dodging        | |  2.4
Stealth        | |  1.2

Action                     || total
---------------------------++-------
   Fire: Shortbow          ||    50
    Use: Scroll            ||     2
 Armour: Leather armour    ||     4
         Ring mail         ||     4
  Dodge: Dodged            ||    13

Table legend:
 A = Non-vault XP
 B = Vault XP
 C = Vault XP percentage of total XP
 D = Non-vault monster count
 E = Vault monster count
 F = Vault count percentage of total count
                 A         B        C        D         E       F
            +---------+---------+-------+---------+---------+-------
      Total |      38 |       8 |  17.4 |      15 |       4 |  21.1
            +---------+---------+-------+---------+---------+-------
        D:1 |      36 |       0 |   0.0 |      14 |       0 |   0.0
        D:2 |       2 |       8 |  80.0 |       1 |       4 |  80.0
            +---------+---------+-------+---------+---------+-------
